Map: Para Site LE

Players

Rob - Winner!

  • Race: Protoss Protoss
  • League: Grandmaster
  • Spawn Location: 11:00

Jason

  • Race: Terran Terran
  • League: Grandmaster
  • Spawn Location: 5:00

VOD

Have the link to the VOD?

Description

Time

  • Played on: May 14, 2019, 2:07 p.m.
  • Length: 6:09
Show
View Real Time Build Order
Export as new Build Order

Rob Protoss - Winner!

Build Orders: 1 Gate Expand, Blink Stalkers 

Get SALT Encoding   

  12  0:00  Probe  
  13  0:12  Probe  
  14  0:17  Pylon  
  14  0:24  Probe  
  15  0:32  Probe  
  15  0:38  Gateway  
  15  0:40  Probe  
  16  0:49  Assimilator  
  17  0:55  Probe  
  18  1:07  Probe  
  19  1:19  Probe  
  19  1:25  Nexus  
  20  1:36  Cybernetics Core  
  20  1:38  Probe  
  21  1:43  Assimilator  
  21  1:50  Probe  
  21  1:53  Pylon  
  22  2:03  Probe, Adept  
  23  2:13  Warp Gate  
  25  2:17  Probe  
  25  2:29  Probe  
  26  2:30  Stalker  
  26  2:33  Probe  
  29  2:41  Probe  
  30  2:45  Probe  
  30  2:52  Stalker  
  30  2:53  Stargate, Probe  
  31  2:58  Probe  
  34  3:05  Probe  
  34  3:07  Twilight Council  
  34  3:11  Probe  
  36  3:13  Robotics Facility  
  36  3:18  Probe  
  37  3:21  Blink  
  37  3:23  Probe  
  38  3:30  Probe  
  38  3:32  Gateway  
  39  3:34  Gateway  
  39  3:35  Probe  
  40  3:43  Gateway  
  40  3:48  Probe  
  40  3:51  Probe  
  42  4:00  Probe  
  43  4:03  Probe  
  43  4:07  Gateway  
  43  4:08  Gateway  
  44  4:13  Warp Prism  
  46  4:21  Pylon  
  46  4:22  Pylon  
  46  4:39  Probe x2  
  46  4:40  Stalker x2  
  48  4:47  Stalker  
  48  4:58  Stalker  
  47  5:04  Stalker  
  49  5:17  Stalker x2  
  49  5:18  Stalker  
  55  5:21  Stalker  
  55  5:27  Stalker  
  59  5:29  Stalker  
  59  5:32  Pylon  
  61  5:36  Assimilator  
  57  5:51  Stalker x2  
  57  5:54  Zealot x3  
Show
View Real Time Build Order
Export as new Build Order

Jason Terran 

Build Orders: Gas First Reaper Expand 

Get SALT Encoding   

  12  0:00  SCV  
  13  0:13  SCV  
  14  0:18  Supply Depot  
  14  0:25  SCV  
  14  0:28  Refinery  
  15  0:39  SCV  
  16  0:45  Barracks  
  16  0:51  SCV  
  17  1:03  SCV  
  18  1:16  SCV  
  19  1:32  Reaper, Orbital Command  
  20  1:45  Command Center  
  20  1:56  Factory  
  20  2:00  SCV  
  21  2:07  Barracks Reactor  
  21  2:12  SCV  
  22  2:18  Refinery  
  22  2:22  Supply Depot  
  22  2:24  SCV  
  23  2:43  SCV  
  24  2:49  Marine x2  
  24  2:50  Hellion  
  28  2:51  Starport  
  28  2:56  SCV  
  29  3:00  Orbital Command  
  29  3:08  SCV, Marine x2  
  29  3:12  Widow Mine  
  34  3:23  SCV  
  34  3:26  SCV, Marine x2  
  37  3:29  Medivac  
  39  3:34  Supply Depot  
  39  3:35  Factory Tech Lab  
  39  3:37  Widow Mine  
  39  3:38  SCV  
  42  3:43  SCV  
  42  3:44  Marine x2  
  45  3:49  Supply Depot  
  45  3:50  SCV  
  45  3:53  Bunker  
  46  3:56  SCV  
  46  3:58  Factory Tech Lab  
  46  4:02  SCV  
  48  4:03  Marine x2  
  48  4:04  Starport Tech Lab  
  48  4:08  SCV  
  51  4:13  Engineering Bay  
  51  4:14  SCV  
  52  4:18  Siege Tank  
  52  4:21  SCV  
  56  4:26  Raven, Marine  
  56  4:27  Marine  
  60  4:44  SCV  
  60  4:49  Marine  
  60  4:51  SCV  
  61  4:59  SCV  
  59  5:00  Siege Tank  
  59  5:04  SCV  
  59  5:09  Command Center  
  59  5:11  SCV  
  57  5:18  SCV  
  57  5:19  Starport Reactor, Barracks  
  57  5:20  Missile Turret, Barracks  
  58  5:23  Marauder, SCV  
  58  5:27  Refinery  
  61  5:30  SCV  
  62  5:39  Supply Depot x2  
  62  5:45  SCV x2, Barracks  
  62  5:47  Barracks  
Tags
 
Add a new tag
Caveats
  • Supply blocks, unpowered buildings, or Contaminate may cause inaccurate times.
  • Supply counts are checked every 10 seconds.